 Dungeon Crawl Stone Soup version 0.32-a0-886-g41c5271027 (webtiles) character file.

Game seed: 15749144959682008162

6134 pokeman the Thaumaturge (level 10, -10/56 HPs)
             Began as a Deep Elf Hedge Wizard on Apr 3, 2024.
             Was a Believer of Vehumet.
             Killed by miscasting Freezing Cloud (13 damage)
             ... on level 10 of the Dungeon.
             The game lasted 00:30:46 (9755 turns).

pokeman the Thaumaturge (Deep Elf Hedge Wizard)     Turns: 9755, Time: 00:30:48

Health: -10/56     AC:  8    Str:  7    XL:     10   Next: 59%
Magic:  6/30       EV: 11    Int: 24    God:    Vehumet [**....]
Gold:   326        SH:  5    Dex: 14    Spells: 13/38 levels left

rFire   . . .        G - +1 long sword (venom)
rCold   + + .        (no shield)
rNeg    . . .        M - +2 leather armour {rC+}
rPois   +            K - +0 helmet
rElec   .            B - +0 cloak {Stlth+}
rCorr   .            (no gloves)
SInv    .            j - +0 pair of boots
Will    +....        e - amulet of reflection
Stlth   +++          C - ring of poison resistance
HPRegen 0.29/turn    o - ring of protection from cold
MPRegen 0.22/turn

%: reflection
@: very slightly contaminated, studying Long Blades
A: no striking features
a: Renounce Religion


You were on level 10 of the Dungeon.
You worshipped Vehumet.
Vehumet was pleased with you.
You visited 2 branches of the dungeon, and saw 11 of its levels.

You collected 460 gold pieces.
You spent 134 gold pieces at shops.

Inventory:

Hand Weapons
 z - a +5 falchion of electrocution
 A - a +3 quarterstaff of chaos
 G - a +1 long sword of venom (weapon)
Missiles
 c - 3 throwing nets
Armour
 j - a +0 pair of boots (worn)
 B - a +0 cloak of stealth (worn)
 D - a +0 buckler
 I - an orb of light
 K - a +0 helmet (worn)
 M - a +2 leather armour of cold resistance (worn)
Jewellery
 e - an amulet of reflection (around neck)
 k - an amulet of regeneration
 o - a ring of protection from cold (right hand)
 C - a ring of poison resistance (left hand)
Wands
 r - a wand of flame (13)
 y - a wand of warping (15)
Scrolls
 a - 2 scrolls of poison {unknown}
 f - 2 scrolls of brand weapon {unknown}
 g - 6 scrolls of amnesia {unknown}
 h - 11 scrolls of identify {unknown}
 l - 2 scrolls of noise {unknown}
 m - 3 scrolls of teleportation {unknown}
 u - 3 scrolls of blinking {unknown}
 v - 3 scrolls of fear {unknown}
 F - 2 scrolls of revelation {unknown}
 H - a scroll of silence {unknown}
 J - a scroll of enchant armour {unknown}
 L - a scroll of immolation {unknown}
 O - a scroll of torment {unknown}
Potions
 b - a potion of ambrosia {unknown}
 d - a potion of magic
 i - 3 potions of heal wounds {unknown}
 n - 4 potions of curing {unknown}
 p - a potion of mutation {unknown}
 q - 3 potions of enlightenment {unknown}
 s - 2 potions of haste {unknown}
 t - a potion of attraction {unknown}
 w - a potion of cancellation {unknown}
 x - 2 potions of might {unknown}
 E - 2 potions of berserk rage {unknown}
 N - a potion of invisibility {unknown}


   Skills:
 - Level 3.0 Fighting
 - Level 3.3 Armour
 - Level 3.0 Dodging
 - Level 3.0 Stealth
 + Level 2.6 Shields
 * Level 14.8 Spellcasting
 + Level 8.0 Conjurations
 - Level 1.1 Summonings
 - Level 1.1 Translocations
 - Level 2.2 Fire Magic
 + Level 3.6 Ice Magic
 - Level 2.0 Air Magic
 - Level 1.0 Alchemy
 - Level 2.2 Evocations


You had 13 spell levels left.
You knew the following spells:

 Your Spells              Type           Power      Damage    Failure   Level
a - Magic Dart            Conj           100%       1d8       1%          1
b - Mephitic Cloud        Conj/Alch/Air  35%        N/A       3%          3
c - Call Imp              Summ           46%        N/A       4%          2
d - Blink                 Tloc           46%        N/A       4%          2
e - Summon Ice Beast      Ice/Summ       29%        N/A       5%          3
f - Irradiate             Conj/Alch      19%        3d18      21%         5
g - Ignite Poison         Fire/Alch      25%        N/A       24%         4
h - Freezing Cloud        Conj/Ice/Air   19%        6-21      21%         5

Your spell library contained the following spells:

 Spells                   Type           Power      Damage    Failure   Level
 Scorch                   Fire           56%        2d7       2%          2
 Searing Ray              Conj           100%       2d8       1%          2
 Apportation              Tloc           46%        N/A       3%          1
 Necrotise                Necr           68%        1d7       4%          1
 Slow                     Hex            68%        N/A       4%          1
 Cigotuvi's Dreadful Rot  Necr/Alch/Air  44%        N/A       4%          2
 Jinxbite                 Hex            34%        N/A       7%          2
 Sublimation of Blood     Necr           17%        N/A       7%          2
 Fulminant Prism          Conj/Alch      19%        3d10      7%          4
 Maxwell's Portable Pile  Tloc           23%        2d(7-20)  9%          3
 Vampiric Draining        Necr           17%        2d7       14%         3
 Arcjolt                  Conj/Air       21%        1d31      16%         5
 Martyr's Knell           Necr/Summ      20%        N/A       36%         4
 Petrify                  Alch/Erth      20%        N/A       36%         4
 Alistair's Intoxication  Alch           14%        N/A       65%         5
 Summon Mana Viper        Hex/Summ       20%        N/A       71%         5
 Curse of Agony           Necr           17%        N/A       78%         5
 Monstrous Menagerie      Summ           11%        N/A       100%        7
 Maxwell's Capacitive Co  Air            13%        ∞         100%        8


Dungeon Overview and Level Annotations

Branches:
Dungeon (10/15)            Temple (1/1) D:5            Lair (0/5) D:8
    Orc: D:9-12

Altars:
Ashenzari
Cheibriados
Dithmenos
Elyvilon
Fedhas
Gozag
Hepliaklqana
Kikubaaqudgha
Makhleb
Nemelex Xobeh
Okawaru
Qazlal
Ru
Sif Muna
Trog
Uskayaw
Vehumet
Wu Jian
Xom
Yredelemnul
Zin
The Shining One

Shops:
D:4 *

Annotations:
D:8 2 transporters, exclusions: ice statue and oklob plant, EvilEddieB's ghost, novice DsGl


Message History

You ignite the poison in your surroundings!
The two-headed ogre is engulfed in blazing flames.
Unknown command.
Unknown command.
The yak is engulfed in blazing flames.
The yak is engulfed in blazing flames.
You kill the yak!
Vehumet accepts your kill.
You feel your power returning.
Casting: Ignite Poison (quite dangerous; 24% risk of failure)
Confirm with . or Enter, or press ? or * to list all spells.
Aiming: Mephitic Cloud (dangerous; 3% risk of failure)
Press: ? - help, Shift-Dir - straight line, p - two-headed ogre The ball explodes into a vile cloud!
The stinking cloud engulfs the two-headed ogre.
The two-headed ogre is moderately wounded.
The two-headed ogre is engulfed in noxious fumes.
Unknown command.
Unknown command.
The two-headed ogre seems less confused.
The two-headed ogre is engulfed in noxious fumes.
The two-headed ogre is engulfed in noxious fumes.
You block the two-headed ogre's attack.
The two-headed ogre hits you with a +0 giant club!
You slash the two-headed ogre!
The two-headed ogre is poisoned.
The two-headed ogre is heavily wounded.
The two-headed ogre is engulfed in noxious fumes.
The two-headed ogre appears confused.
The two-headed ogre hits you with a +0 giant club!!
* * * LOW HITPOINT WARNING * * *
The two-headed ogre closely misses you.
The two-headed ogre is engulfed in noxious fumes.
Casting: Mephitic Cloud (dangerous; 3% risk of failure)
Confirm with . or Enter, or press ? or * to list all spells.
Aiming: Freezing Cloud (quite dangerous; 21% risk of failure)
Press: ? - help, Dir - move target, f - two-headed ogre
Aim: a two-headed ogre, wielding two +0 giant clubs (heavily wounded, confused, very poisoned)
You miscast Freezing Cloud.
You are caught in an explosion of electrical discharges!
You die...

#^.#.##..##
#####..#.##..##
...............
###.#......#.##
#...#..........
#########...#..###.####
#......##........#.# #
#......'...#####.#.# #
#.....@##### .#.# #
#......# ..# # #......#
### # ########†.##.# #
#.†.†.†.O.##.# #
#.######.###.# ○.# #.#
.### #.###### ..
#......###


You could see a two-headed ogre (confused, very poisoned).

Vanquished Creatures
  Pikel (D:5)
  2 trolls (D:10)
  Sigmund (D:3)
  6 yaks (D:10)
  2 wraiths
  Eustachio (D:4)
  Menkaure (D:5)
  Edmund (D:5)
  An acid dragon (D:8)
  2 water moccasins
  Duvessa (D:5)
  2 orc warriors
  2 sky beasts (D:7)
  2 ogres (D:5)
  3 centaurs
  2 phantoms
  A kobold brigand (D:9)
  A bullfrog (D:6)
  5 scorpions
  Dowan (D:5)
  8 howler monkeys
  A jelly (D:5)
  A bombardier beetle (D:3)
  A hound (D:5)
  Crazy Yiuf (D:4)
  6 orc priests
  A gnoll bouda (D:8)
  2 iguanas
  10 orc wizards
  2 sleepcaps
  12 gnolls
  6 adders
  A shadow imp (D:7)
  A white imp (D:6)
  6 dart slugs
  A ribbon worm (D:2)
  30 orcs
  8 endoplasms
  A giant cockroach (D:4)
  17 goblins
  11 hobgoblins
  2 jackals (D:3)
  11 ball pythons
  A bat (D:1)
  6 frilled lizards
  16 kobolds
  4 rats
  A butterfly (D:5)
206 creatures vanquished.

Vanquished Creatures (collateral kills)
  A wyvern (D:8)
  A centaur (D:8)
  A kobold brigand (D:8)
  A howler monkey (D:8)
  A gnoll bouda (D:8)
  A sleepcap (D:8)
  2 gnolls (D:8)
  A kobold (D:8)
9 creatures vanquished.

Grand Total: 215 creatures vanquished

Notes
Turn   | Place    | Note
-------+----------+-------------------------------------------
     0 | D:1      | pokeman the Deep Elf Hedge Wizard began the quest for the
                  | Orb.
     0 | D:1      | Reached XP level 1. HP: 10/10 MP: 7/7
   248 | D:1      | Reached XP level 2. HP: 16/16 MP: 3/9
   660 | D:1      | Reached skill level 5 in Spellcasting
   760 | D:1      | Reached XP level 3. HP: 20/20 MP: 7/11
   764 | D:1      | Learned a level 3 spell: Mephitic Cloud
   767 | D:1      | Learned a level 2 spell: Call Imp
   770 | D:1      | Learned a level 2 spell: Blink
  1345 | D:2      | Reached skill level 1 in Fighting
  1468 | D:2      | Reached skill level 1 in Armour
  2003 | D:3      | Found a snail-covered altar of Cheibriados.
  2033 | D:3      | Reached XP level 4. HP: 25/25 MP: 8/13
  2266 | D:3      | Noticed Sigmund
  2287 | D:3      | Killed Sigmund
  2288 | D:3      | Reached skill level 7 in Spellcasting
  2288 | D:3      | Reached XP level 5. HP: 29/29 MP: 6/17
  2390 | D:3      | Found a faded altar of an unknown god.
  2404 | D:3      | Reached XP level 6. HP: 34/34 MP: 8/18
  2796 | D:3      | Reached skill level 8 in Spellcasting
  3259 | D:4      | Noticed Eustachio
  3405 | D:4      | Found Fyizou's Assorted Antiques.
  3409 | D:4      | Bought a clear potion for 25 gold pieces
  3409 | D:4      | Bought a scroll labelled GEFEAXTIECS for 28 gold pieces
  3409 | D:4      | Bought a puce potion for 25 gold pieces
  3409 | D:4      | Bought a scroll labelled PASCHY EJAY for 28 gold pieces
  3418 | D:4      | Bought a scroll labelled RUESEA FUNUTOSAI for 28 gold
                  | pieces
  3561 | D:4      | Reached skill level 1 in Alchemy
  3772 | D:4      | Killed Eustachio
  3773 | D:4      | Reached skill level 1 in Air Magic
  3773 | D:4      | Reached skill level 1 in Evocations
  3773 | D:4      | Reached XP level 7. HP: 35/38 MP: 2/21
  4088 | D:4      | Reached skill level 9 in Spellcasting
  4378 | D:4      | Found a runed translucent door.
  4379 | D:4      | Noticed Crazy Yiuf
  4389 | D:4      | Killed Crazy Yiuf
  4469 | D:5      | Entered Level 5 of the Dungeon
  4680 | D:5      | Reached skill level 10 in Spellcasting
  4680 | D:5      | Reached XP level 8. HP: 44/44 MP: 16/24
  4744 | D:5      | Noticed Pikel
  4779 | D:5      | Killed Pikel
  4780 | D:5      | Reached skill level 11 in Spellcasting
  4780 | D:5      | Reached skill level 5 in Conjurations
  4969 | D:5      | Found a staircase to the Ecumenical Temple.
  4981 | D:5      | Noticed Edmund
  4986 | Temple   | Entered the Ecumenical Temple
  4996 | Temple   | Became a worshipper of Vehumet
  5020 | D:5      | Killed Edmund
  5126 | D:5      | Noticed Dowan
  5126 | D:5      | Noticed Duvessa
  5146 | D:5      | Killed Duvessa
  5147 | D:5      | Reached XP level 9. HP: 43/50 MP: 22/26
  5150 | D:5      | Killed Dowan
  5224 | D:5      | Reached skill level 12 in Spellcasting
  5337 | D:5      | Noticed Menkaure
  5344 | D:5      | Killed Menkaure
  5444 | D:5      | Learned a level 5 spell: Irradiate
  5681 | D:5      | Found a shadowy altar of Dithmenos.
  5689 | D:5      | Found a sacrificial altar of Ru.
  6901 | D:7      | Reached skill level 13 in Spellcasting
  7078 | D:7      | Found a sparkling altar of Nemelex Xobeh.
  7081 | D:7      | Found a basalt altar of Yredelemnul.
  7154 | D:7      | Reached * piety under Vehumet
  7154 | D:7      | Offered knowledge of Sandblast by Vehumet.
  7278 | D:7      | Learned a level 3 spell: Summon Ice Beast
  7416 | D:7      | Learned a level 4 spell: Ignite Poison
  7422 | D:7      | Learned a level 5 spell: Freezing Cloud
  7815 | D:8      | Found a transporter.
  7931 | D:8      | Found a staircase to the Lair.
  7958 | D:8      | Noticed a gargoyle
  7963 | D:8      | Found a transporter.
  7965 | D:8      | Noticed an ice statue
  7987 | D:8      | Noticed EvilEddieB's ghost (novice DsGl)
  7987 | D:8      | Noticed an oklob plant
  8002 | D:8      | Reached skill level 1 in Fire Magic
  8002 | D:8      | Reached skill level 1 in Ice Magic
  8005 | D:8      | Reached skill level 1 in Shields
  8008 | D:8      | Reached ** piety under Vehumet
  8008 | D:8      | Offered knowledge of Scorch by Vehumet.
  8013 | D:8      | Reached XP level 10. HP: 28/56 MP: 10/29
  8556 | D:9      | Reached skill level 14 in Spellcasting
  8817 | D:9      | Found a burning altar of Makhleb.
  9318 | D:9      | Found an ornate altar of the Wu Jian Council.
  9394 | D:10     | Entered Level 10 of the Dungeon
  9486 | D:10     | Found a white marble altar of Elyvilon.
  9739 | D:10     | Noticed a two-headed ogre
  9751 | D:10     | HP: 2/56 [two-headed ogre/+0 giant club (23)]
  9755 | D:10     | Killed by miscasting Freezing Cloud

Illustrated notes

Levels and vault maps discovered:
D:1:      saegor_arrival_under_anarchy, layout_basic,
          nicolae_figureground_sparkle
D:2:      layout_rooms, hangedman_decor_lopped
D:3:      layout_loops_ring, mainiacjoe_overflow_paths,
          hellmonk_ecumenical_altar_heavens_door, uniq_sigmund
D:4:      layout_loops_ring, serial_shops, shop, st_stairs_9,
          minmay_misc_feat_nine_boxes, minmay_manual_mares, uniq_eustachio,
          uniq_crazy_yiuf_cottage
D:5:      layout_gridville, jmf_multi_god_temple2,
          minmay_temple_entry_butterflies, uniq_edmund, uniq_pikel,
          uniq_menkaure, uniq_duvessa
D:6:      layout_loops_ring
D:7:      corexii_shack_village, layout_basic, nicolae_overflow_squiral
D:8:      layout_basic, lair_entry_dummy, nzn_ghost_randoct
D:9:      nicolae_cairo_tiling_large, layout_loops_ring, bloody_makhleb,
          marbit_many_paths
D:10:     dreamdust_cave_troll, layout_basic, overflow_temple_1_default
Temple:   nicolae_temple_great_sept

Skill      XL: |  1  2  3  4  5  6  7  8  9 10 |
---------------+-------------------------------+-----
Spellcasting   | 5 7 8 10 11 13 14 | 14.8
Fighting       | 1 3 |  3.0
Armour         | 1 3 |  3.3
Conjurations   | 2 3 4 5 7 8 |  8.0
Dodging        | 3 |  3.0
Stealth        | 3 |  3.0
Alchemy        | 1 |  1.0
Air Magic      | 1 2 |  2.0
Evocations     | 1 2 |  2.2
Fire Magic     | 1 2 |  2.2
Ice Magic      | 1 3 |  3.6
Shields        | 1 2 |  2.6
Summonings     | |  1.1
Translocations | |  1.1

Action                     |  1- 3 |  4- 6 |  7- 9 | 10-12 || total
---------------------------+-------+-------+-------+-------++-------
  Melee: Dagger            |    19 |    17 |    86 |       ||   122
         Long sword        |       |       |    69 |    43 ||   112
         Falchion          |       |       |     4 |     2 ||     6
   Cast: Magic Dart        |   113 |    82 |   194 |    17 ||   406
         Call Imp          |     1 |     2 |     2 |     1 ||     6
         Mephitic Cloud    |       |     9 |    31 |    14 ||    54
         Summon Ice Beast  |       |       |     2 |     1 ||     3
         Ignite Poison     |       |       |       |     2 ||     2
         Irradiate         |       |       |       |     2 ||     2
         Freezing Cloud    |       |       |       |     1 ||     1
  Evoke: Wand              |       |       |     3 |       ||     3
   Stab: Confused          |       |     3 |    17 |     3 ||    23
         Sleeping          |       |       |     1 |       ||     1
         Distracted        |       |       |     2 |       ||     2
 Armour: Robe              |     9 |    14 |    71 |    17 ||   111
         Leather armour    |       |       |       |    21 ||    21
  Dodge: Dodged            |    17 |    15 |    72 |    31 ||   135
  Block: Other             |     7 |     3 |    44 |    10 ||    64
         Reflection        |     1 |       |     4 |     2 ||     7

Table legend: (Time is in decaauts)
 A = Elapsed time spent in this place.
 B = Non-inter-level travel time spent in this place.
 C = Inter-level travel time spent in this place.
 D = Time resting spent in this place.
 E = Time spent auto-exploring this place.
 F = Levels seen in this place.
 G = Mean time per level.
                   A        B        C        D        E       F      G
               +--------+--------+--------+--------+--------+-----+--------+
         Total |   9797 |   9555 |    242 |     96 |   7940 |  11 |  890.6 |
       Dungeon |   9777 |   9544 |    233 |     96 |   7940 |  10 |  977.7 |
        Temple |     20 |     11 |      9 |      0 |      0 |   1 |   20.0 |
               +--------+--------+--------+--------+--------+-----+--------+

Top non-repeatable levels by time:
     D:4: 1436 daAuts
     D:5: 1397 daAuts
     D:3: 1077 daAuts
     D:1: 1026 daAuts
     D:7: 974 daAuts
     D:2: 926 daAuts
     D:6: 917 daAuts
     D:9: 855 daAuts
     D:8: 798 daAuts
    D:10: 368 daAuts
  Temple: 20 daAuts
